 Dungeon Crawl Stone Soup version 0.26.1-11-gd32895ea62 (webtiles) character file.

Game seed: 9649262309590366130

20352 Erina the Severer (level 12, -4/113 HPs)
             Began as a Minotaur Berserker on May 12, 2021.
             Was a High Priest of Trog.
             Splashed by an acid dragon's acid (14 damage)
             ... on level 11 of the Dungeon on May 24, 2021.
             The game lasted 01:05:49 (16108 turns).

Erina the Severer (Minotaur Berserker)             Turns: 16108, Time: 01:05:51

Health: -4/113     AC: 19    Str: 21    XL:     12   Next: 44%
Magic:  3/3        EV:  7    Int:  8    God:    Trog [*****.]
Gold:   1053       SH:  0    Dex: 15    Spells: 11/11 levels left

rFire    . . .     SeeInvis .   T - +5 executioner's axe (antimagic)
rCold    . . .     Faith    .   (shield currently unavailable)
rNeg     . . .     Spirit   .   C - +0 plate armour
rPois    .         Reflect  .   b - +2 hat
rElec    .         Harm     .   e - +1 cloak {Stlth+}
rCorr    .         Rampage  .   d - +2 pair of gloves {Dex+3}
Will     ++...                  B - +1 pair of boots
Stlth    ..........             (no amulet)
HPRegen  1.28/turn              S - +4 ring of protection
MPRegen  0.08/turn              l - ring of stealth

@: corroded, berserk cooldown, regenerating
A: retaliatory headbutt, horns 2
a: Renounce Religion, Berserk, Trog's Hand, Brothers in Arms


You were on level 11 of the Dungeon.
You worshipped Trog.
Trog was extremely pleased with you.
You visited 3 branches of the dungeon, and saw 14 of its levels.
You also visited: Bailey.

You collected 1053 gold pieces.

Inventory:

Hand Weapons
 H - a +4 dire flail of protection
 T - a +5 antimagic executioner's axe (weapon)
Missiles
 A - 8 javelins
Armour
 b - a +2 hat (worn)
 d - a +2 pair of gloves of dexterity (worn)
 e - a +1 cloak of stealth (worn)
 B - a +1 pair of boots (worn)
 C - a +0 plate armour (worn)
Jewellery
 l - a ring of stealth (right hand)
 S - a +4 ring of protection (left hand)
Wands
 F - a wand of polymorph (6)
 R - a wand of disintegration (20)
Scrolls
 c - 2 scrolls of magic mapping
 g - 5 scrolls of teleportation
 p - 4 scrolls of remove curse
 y - a scroll of fog
 I - a scroll of torment
 M - a scroll of blinking
Potions
 a - a potion of attraction {unknown}
 h - a potion of berserk rage {unknown}
 i - 2 potions of haste
 k - 5 potions of curing
 n - a potion of invisibility {unknown}
 r - a potion of cancellation {unknown}
 t - a potion of lignification {unknown}
 u - a potion of might {unknown}
 w - 3 potions of heal wounds
 E - 2 potions of ambrosia


   Skills:
 + Level 12.7 Fighting
 - Level 16.0(17.0) Axes
 * Level 9.6(13.8) Maces & Flails
 * Level 4.7(11.6) Polearms
 * Level 7.9 Armour
 - Level 2.1 Dodging
 - Level 4.0 Shields
 - Level 0.3 Translocations


You had 11 spell levels left.
You didn't know any spells.
Your spell library was empty.

Dungeon Overview and Level Annotations

Branches:
Dungeon (11/15)            Temple (1/1) D:7            Lair (2/6) D:9
    Orc (0/2) D:10         Bailey (visited)
  Swamp: Lair:2-4    Shoals: Lair:2-4     Snake: Lair:2-4    Spider: Lair:2-4

Altars:
Ashenzari
Cheibriados
Dithmenos
Elyvilon
Fedhas
Gozag
Hepliaklqana
Kikubaaqudgha
Makhleb
Nemelex Xobeh
Okawaru
Qazlal
Ru
Sif Muna
Trog
Uskayaw
Vehumet
Wu Jian
Xom
Yredelemnul
Zin
The Shining One

Shops:
D:5 =   D:7 *   D:10 (([

Annotations:
D:6 2 transporters


Innate Abilities, Weirdness & Mutations

You reflexively headbutt those who attack you in melee.
You have a pair of horns on your head.


Message History

Your plate armour prevents you from hitting the acid dragon.
You hit the boulder beetle but do no damage.
The acid dragon barely misses you. The acid dragon closely misses you.
The boulder beetle leaps!
You slice the acid dragon!! You headbutt the acid dragon.
The acid dragon is almost dead.
The acid dragon bites you but does no damage.
The acid dragon claws you but does no damage.
The acid dragon spits acid at you. The splash of acid hits you!
* * * LOW HITPOINT WARNING * * *
The acid corrodes you!
You are splashed with acid!
* * * LOW HITPOINT WARNING * * *
Your skin crawls.
You feel strong-willed. The acid dragon spits acid at you.
The splash of acid hits you!
* * * LOW HITPOINT WARNING * * *
The acid corrodes you!
You are splashed with acid!
You die...

.......<.....
......>....
......... .......
..... ... #.######.
...#######).......
#....).@D........
..#######....####..
....###.#........
.......†.<####..
....#..#### ......#
...h## ###. .


You could see an acid dragon (catching breath).

Vanquished Creatures
  Harold (D:9)
  3 hydras
  A death knight (D:11)
  2 two-headed ogres
  An ugly thing (D:11)
  A black mamba (Lair:2)
  Joseph (D:10)
  6 cane toads
  Maggie (D:8)
  2 kobold demonologists (Bailey)
  2 komodo dragons
  A troll (D:10)
  A polar bear (Lair:2)
  A shadow (D:11)
  3 wraiths
  7 yaks
  4 water moccasins
  Duvessa (D:4)
  4 black bears
  6 ice beasts
  2 sky beasts
  A hornet zombie (D:8)
  20 orc warriors
  2 phantoms
  4 necrophages
  2 ogres
  6 wolves (Lair:2)
  4 centaurs
  4 big kobolds
  8 bullfrogs
  Dowan (D:4)
  4 scorpions
  14 killer bees
  7 wights
  3 howler monkeys (D:11)
  5 electric eels (Bailey)
  2 centaur zombies (D:10)
  4 jellies
  2 quasits
  5 hounds
  15 orc wizards
  11 orc priests
  An iguana (D:10)
  2 bullfrog skeletons
  Ijyb (D:4)
  A gnoll shaman (D:5)
  10 worker ants
  3 hound skeletons
  20 gnolls
  A howler monkey skeleton (D:10)
  12 adders
  A shadow imp (D:6)
  An adder skeleton (D:8)
  An adder zombie (D:5)
  3 worms
  A dart slug (D:2)
  6 leopard geckos
  53 orcs
  10 giant cockroaches
  16 goblins
  13 hobgoblins
  30 jackals
  6 quokkas
  14 bats
  6 frilled lizards
  17 kobolds
  2 leopard gecko zombies (D:5)
  13 rats
419 creatures vanquished.

Vanquished Creatures (others)
  A bush (D:10)
  A fungus (Lair:2)
  10 plants
12 creatures vanquished.

Grand Total: 431 creatures vanquished

Notes
Turn   | Place    | Note
-------+----------+-------------------------------------------
     0 | D:1      | Erina the Minotaur Berserker began the quest for the Orb.
     0 | D:1      | Reached XP level 1. HP: 19/19 MP: 0/0
    97 | D:1      | Reached XP level 2. HP: 24/28 MP: 1/1
   186 | D:1      | Reached skill level 5 in Fighting
   522 | D:1      | Reached XP level 3. HP: 34/36 MP: 2/2
   789 | D:2      | Reached ** piety under Trog
   867 | D:2      | Reached XP level 4. HP: 30/44 MP: 3/3
  1232 | D:2      | Found a burning altar of Makhleb.
  1489 | D:3      | Reached skill level 1 in Shields
  1523 | D:3      | Found a broken altar of Ashenzari.
  1590 | D:3      | Reached XP level 5. HP: 51/51 MP: 4/4
  1699 | D:3      | Reached *** piety under Trog
  1819 | D:3      | Found a bloodstained altar of Trog.
  2211 | D:3      | Found a glowing golden altar of the Shining One.
  2489 | D:4      | Reached skill level 4 in Axes
  2511 | D:4      | Noticed Ijyb
  2522 | D:4      | Killed Ijyb
  2952 | D:4      | Reached XP level 6. HP: 55/60 MP: 5/5
  3035 | D:4      | Noticed Duvessa
  3035 | D:4      | Noticed Dowan
  3048 | D:4      | Killed Duvessa
  3049 | D:4      | Reached skill level 5 in Axes
  3063 | D:4      | Killed Dowan
  3434 | D:5      | Entered Level 5 of the Dungeon
  3434 | D:5      | Found Mutuomif's Jewellery Shop.
  3472 | D:5      | Reached XP level 7. HP: 59/68 MP: 6/6
  3772 | D:5      | Reached skill level 6 in Axes
  3999 | D:5      | Reached **** piety under Trog
  4011 | D:5      | Reached skill level 7 in Axes
  4363 | D:5      | Reached skill level 8 in Axes
  4769 | D:6      | Found a shimmering blue altar of Sif Muna.
  4784 | D:6      | Reached XP level 8. HP: 61/75 MP: 7/7
  4847 | D:6      | Found a transporter.
  4849 | D:6      | Found a transporter.
  4865 | D:6      | Noticed a manticore
  4867 | D:6      | Found a hide-covered altar of Uskayaw.
  5030 | D:6      | Reached skill level 9 in Axes
  5079 | D:6      | Found a white marble altar of Elyvilon.
  5553 | D:6      | Found a stormy altar of Qazlal.
  5553 | D:6      | Found an ornate altar of the Wu Jian Council.
  5706 | D:7      | Reached skill level 10 in Axes
  6029 | D:7      | Found Hijun's General Store.
  6177 | D:7      | Found a staircase to the Ecumenical Temple.
  6203 | Temple   | Entered the Ecumenical Temple
  6578 | D:7      | Found an opulent altar of Gozag.
  6867 | D:7      | Found a hazy altar of Hepliaklqana.
  6998 | D:7      | Reached skill level 11 in Axes
  7036 | D:8      | Reached XP level 9. HP: 74/83 MP: 8/8
  7226 | D:8      | Noticed Maggie
  7240 | D:8      | Killed Maggie
  7241 | D:8      | Reached skill level 12 in Axes
  7368 | D:8      | Found a shimmering blue altar of Sif Muna.
  7370 | D:8      | Noticed a two-headed ogre
  7378 | D:8      | Killed a two-headed ogre
  7379 | D:8      | Reached skill level 13 in Axes
  7831 | D:8      | Reached ***** piety under Trog
  7833 | D:8      | Reached XP level 10. HP: 57/93 MP: 9/9
  8101 | D:8      | Reached skill level 14 in Axes
  8650 | D:9      | Reached skill level 10 in Fighting
  8658 | D:9      | Found a flagged portal.
  8679 | Bailey   | Entered a bailey
  9090 | Bailey   | Found an iron altar of Okawaru.
  9100 | Bailey   | Noticed a sixfirhy
  9103 | Bailey   | Noticed a rust devil
  9156 | Bailey   | Reached skill level 15 in Axes
  9769 | Bailey   | Received a gift from Trog
 10613 | D:9      | Noticed Harold
 10638 | D:9      | Killed Harold
 10910 | D:9      | Reached skill level 16 in Axes
 11064 | D:9      | Found a staircase to the Lair.
 11238 | D:9      | Reached XP level 11. HP: 93/102 MP: 10/10
 11773 | D:10     | Entered Level 10 of the Dungeon
 11774 | D:10     | Noticed Joseph
 11780 | D:10     | Killed Joseph
 11787 | D:10     | Found Cead Pea's Weapon Emporium.
 11936 | D:10     | Found Zawnur's Weapon Boutique.
 11936 | D:10     | Found a staircase to the Orcish Mines.
 11936 | D:10     | Found Cityot's Armour Boutique.
 12060 | D:10     | Reached skill level 1 in Maces & Flails
 12063 | D:10     | Noticed a two-headed ogre
 12076 | D:10     | Killed a two-headed ogre
 12077 | D:10     | Reached skill level 1 in Polearms
 12123 | D:9      | HP: 5/104 [poisoned by a killer bee]
 12131 | D:9      | HP: 5/104 [poisoned by a killer bee]
 12885 | Lair:1   | Entered Level 1 of the Lair of Beasts
 13186 | Lair:1   | Noticed a five-headed hydra
 13218 | Lair:1   | Killed a five-headed hydra
 13219 | Lair:1   | Reached skill level 5 in Maces & Flails
 13498 | Lair:1   | Found a hazy altar of Hepliaklqana.
 13643 | Lair:1   | Reached skill level 5 in Armour
 14545 | Lair:2   | Noticed a seven-headed hydra
 14568 | Lair:2   | Killed a seven-headed hydra
 14569 | Lair:2   | Reached XP level 12. HP: 113/113 MP: 11/11
 14669 | Lair:2   | Noticed a five-headed hydra
 14679 | Lair:2   | Killed a five-headed hydra
 15075 | Lair:2   | Received a gift from Trog
 15943 | Lair:2   | Acquired a +1 cloak of stealth
 16050 | D:11     | Noticed a death knight
 16062 | D:11     | Killed a death knight
 16094 | D:11     | Noticed a boulder beetle
 16108 | D:11     | Splashed by an acid dragon's acid

Illustrated notes

Levels and vault maps discovered:
D:1:      psy_arrival_conway, layout_rooms
D:2:      layout_rooms, lightli_temple_of_fire
D:3:      layout_loops_ring, nicolae_overflow_hidden_temple,
          overflow_temple_1_default, marbit_many_paths
D:4:      wander_river, layout_basic, uniq_duvessa, uniq_ijyb
D:5:      layout_loops_ring, serial_shops, shop
D:6:      layout_basic, gammafunk_temple_overflow_arena,
          gammafunk_temple_overflow_statue, basic_altar, elyvilon_altar_5
D:7:      layout_loops_corners, nzn_hepliaklqana_mist_gate,
          general_overflow_altar, minmay_temple_entry_proselytizer,
          serial_shops, nicolae_shop_temple_entry_statues_fountains
D:8:      layout_cave_pools, lemuel_doored_altar, special_room
          [special_room_orc], uniq_maggie
D:9:      layout_roguey, david_lair_shrubbed, enter_bailey_8,
          kennysheep_generic_room_12, uniq_harold
D:10:     layout_cross, orc_david_3, serial_park, serial_park_square3
          [serial_park_minivault_5x5_8], serial_park_gazebo
          [serial_park_minivault_5x5_3], serial_park_avenue1, serial_shops,
          shop, uniq_joseph
D:11:     minmay_distorted_concentric_squares, layout_rooms,
          nicolae_elemental_shop, minmay_misc_feat_rugged
Temple:   hc_temple_tempest_star
Lair:1:   layout_chaotic_city, basic_altar, st_stairs_12, serial_bayou_crossing
Lair:2:   layout_regular_city

Skill      XL: |  1  2  3  4  5  6  7  8  9 10 11 12 |
---------------+-------------------------------------+-----
Fighting       | 4 5 6 7 8 9 11 12 | 12.7
Shields        | 1 2 3 4 |  4.0
Axes           | 4 5 8 11 13 16 | 16.0
Maces & Flails | 8 9 |  9.6
Armour         | 6 7 |  7.9
Polearms       | 3 4 |  4.7
Dodging        | |  2.1
Translocations | |  0.3

Action                   |  1- 3 |  4- 6 |  7- 9 | 10-12 || total
-------------------------+-------+-------+-------+-------++-------
Melee: Hand axe          |    99 |   203 |   175 |       ||   477
       Headbutt          |     9 |    28 |    54 |   129 ||   220
       War axe           |       |       |   105 |   333 ||   438
       Dire flail        |       |       |       |   223 ||   223
       Executioner's axe |       |       |       |    87 ||    87
Invok: Berserk           |     1 |     4 |     7 |     7 ||    19
       Brothers in Arms  |       |       |       |     1 ||     1
       Trog's Hand       |       |       |       |     1 ||     1
  Use: Scroll            |     2 |     3 |    10 |    17 ||    32
Armor: Animal skin       |    12 |       |       |       ||    12
       Ring mail         |    38 |    28 |       |       ||    66
       Scale mail        |       |    91 |    51 |       ||   142
       Chain mail        |       |       |    99 |     5 ||   104
       Plate armour      |       |       |       |   431 ||   431
Dodge: Dodged            |    64 |    62 |    93 |   210 ||   429
Block: Buckler           |     9 |    24 |    55 |    37 ||   125
